 Dungeon Crawl Stone Soup version 0.17-a0-1923-gc35365e (console) character file.

1505 nht the Cruncher (level 8, -2/62 HPs)
             Began as a Minotaur Hunter on Sept 28, 2015.
             Was an Initiate of Okawaru.
             Slain by a killer bee (5 damage)
             ... on level 7 of the Dungeon.
             The game lasted 00:07:21 (4445 turns).

nht the Cruncher (Minotaur Hunter)                  Turns: 4445, Time: 00:07:21

Health: -2/62      AC:  5    Str: 18    XL:     8   Next: 52%
Magic:  7/7        EV: 12    Int:  8    God:    Okawaru [......]
Gold:   444        SH:  0    Dex: 12    Spells: 0 memorised, 7 levels left

rFire  . . .     SeeInvis .     a - +1 lajatang
rCold  . . .     Clarity  .     r - +1 robe of the Scribe {rPois rN+ Slay+3}
rNeg   + + .     SustAt   .     (no shield)
rPois  +         Gourm    .     (helmet restricted)
rElec  .         Spirit   .     l - +1 cloak
rCorr  +         Warding  .     (no gloves)
rMut   .         Stasis   .     (no boots)
MR     .....                    x - amulet of resist corrosion
Stlth  +.........               (no ring)
                                n - ring of positive energy

@: flying, very slightly contaminated, hasted, very quick, not resistant to
hostile enchantments, very unstealthy
A: retaliatory headbutt, horns 2
a: Renounce Religion


You were on level 7 of the Dungeon.
You worshipped Okawaru.
Okawaru was noncommittal.
You were not hungry.

You visited 2 branches of the dungeon, and saw 9 of its levels.

You collected 444 gold pieces.

Inventory:

Hand weapons
 a - a +1 lajatang (weapon)
 b - a +1 hand crossbow
 c - a +0 short sword
 k - a +0 long sword
 p - the +6 mace of the Asp {freeze, *Noise rElec Str+3 SInv}
   (You found it on level 6 of the Dungeon)

   It has been specially enchanted to freeze those struck by it, causing extra
   injury to most foes and up to half again as much damage against particularly
   susceptible opponents.
   It can also slow down cold-blooded creatures.
   It affects your strength (+3).
   It insulates you from electricity.
   It lets you see invisible.
   It may make noises in combat.
Missiles
 m - 64 bolts
Armour
 l - a +1 cloak (worn)
 r - the +1 robe of the Scribe (worn) {rPois rN+ Slay+3}
   (You found it on level 4 of the Dungeon)

   It affects your accuracy and damage with ranged weapons and melee attacks
   (+3).
   It protects you from poison.
   It protects you from negative energy.
Jewellery
 n - a ring of positive energy (left hand)
 x - an amulet of resist corrosion (around neck)
Magical devices
 d - a wand of flame (19)
Scrolls
 g - a scroll of remove curse
 h - a scroll of amnesia
 v - a scroll of fog
Potions
 f - a potion of flight
 i - 3 potions of ambrosia
 o - a potion of curing
Comestibles
 e - 7 bread rations
 w - a slice of pizza


   Skills:
 - Level 2.4 Fighting
 + Level 11.5 Staves
 - Level 6.2 Crossbows
 - Level 2.1 Dodging
 - Level 0.7 Stealth


You had 7 spell levels left.
You didn't know any spells.

Dungeon Overview and Level Annotations

Branches:
Dungeon (8/15)             Temple (1/1) D:6
   Lair: D:8-11

Altars:
Ashenzari
Cheibriados
Dithmenos
Elyvilon
Fedhas
Kikubaaqudgha
Makhleb
Nemelex Xobeh
Okawaru
Qazlal
Ru
Sif Muna
Trog
Xom

Annotations:
D:7 Dowan, Duvessa, Joseph


Innate Abilities, Weirdness & Mutations

You reflexively headbutt those who attack you in melee.
You have a pair of horns on your head.


Message History

You closely miss the killer bee. Your headbutt misses the killer bee.
The killer bee stings you.
* * * LOW HITPOINT WARNING * * *
The killer bee closely misses you. The killer bee stings you.
* * * LOW HITPOINT WARNING * * *
The killer bee stings you but does no damage. x2
You barely miss the killer bee. You headbutt the killer bee!
You kill the killer bee!
Okawaru accepts your kill.
You feel sick. The killer bee barely misses you. The killer bee misses you.
The killer bee stings you.
* * * LOW HITPOINT WARNING * * *
You are more poisoned.
The killer bee poisons you! The killer bee closely misses you.
Drink which item? (? for menu, Esc to quit)
You feel better.
You feel less invigorated. The killer bee barely misses you.
The killer bee stings you!
* * * LOW HITPOINT WARNING * * *
The killer bee stings you.
You die...

** *** ██ ,*** *,*█████* ██.
,,,*** *,.█....████ ██.█
,,,,,****..........████ ███.██
*,,,,,,,..............███ ██..██.
***,,,,.................███..███.
**,,,.....................██ █.
**,,,....................██ █.
***,,,,.........)...........██ ██
.█*,,,,........y....(........█
.██,,,,........y@(...........██
..█,,,,........@yy...(........█
..█,,,,.......................█
....,,,.......................█
.....,,.......................█
.....,,......................██
.....,,.......................██
.....,,...................███..██
.....,,..................█* ██..█
.....,,...█............██* ██.█
.....,,..█████........█* ██.


You could see Joseph and 4 killer bees.

Vanquished Creatures
  Sigmund (D:6)
  A human (D:7)
  A hippogriff (D:7)
  3 ogres
  3 giant frogs
  A scorpion (D:6)
  A killer bee (D:7)
  A crimson imp (D:6)
  Crazy Yiuf (D:6)
  2 orc priests (D:6)
  2 orc wizards
  A killer bee zombie (D:8)
  3 worker ants
  3 sheep (D:7)
  2 hound skeletons (D:5)
  8 adders
  4 shadow imps
  2 oozes (D:4)
  2 adder skeletons
  2 giant geckos
  13 orcs
  13 bats
  5 goblins
  9 hobgoblins
  2 jackals (D:1)
  3 ball pythons
  A giant cockroach (D:1)
  5 giant newts
  A jackal skeleton (D:6)
  6 kobolds
  4 quokkas
  6 rats
112 creatures vanquished.

Notes
Turn   | Place    | Note
--------------------------------------------------------------
     0 | D:1      | nht the Minotaur Hunter began the quest for the Orb.
     0 | D:1      | Reached XP level 1. HP: 18/18 MP: 0/0
   120 | D:1      | Reached XP level 2. HP: 25/25 MP: 1/1
   153 | D:1      | Reached skill level 5 in Crossbows
   814 | D:2      | Reached XP level 3. HP: 14/30 MP: 2/2
  1611 | D:3      | Reached skill level 6 in Crossbows
  1683 | D:3      | Found a faded altar to an unknown god.
  1700 | D:3      | Reached XP level 4. HP: 37/37 MP: 3/3
  1909 | D:3      | Reached skill level 1 in Staves
  2185 | D:4      | Got a transparent robe
  2196 | D:4      | Identified the cursed +1 robe of the Scribe {rPois rN+ Slay+3} (You found it on level 4 of the Dungeon)
  2218 | D:4      | Noticed an ogre
  2223 | D:4      | Killed an ogre
  2223 | D:4      | Reached XP level 5. HP: 42/42 MP: 4/4
  2512 | D:4      | Noticed an ogre
  2520 | D:4      | Killed an ogre
  2520 | D:4      | Reached skill level 5 in Staves
  2520 | D:4      | Reached XP level 6. HP: 32/50 MP: 5/5
  2533 | D:4      | Found a shattered altar of Ashenzari.
  2538 | D:4      | Found a snail-covered altar of Cheibriados.
  2538 | D:4      | Found an ancient bone altar of Kikubaaqudgha.
  2538 | D:4      | Found a sacrificial altar of Ru.
  2540 | D:4      | Found a sparkling altar of Nemelex Xobeh.
  2542 | D:4      | Found a shadowy altar of Dithmenos.
  2544 | D:4      | Found a blossoming altar of Fedhas.
  2678 | D:4      | Found a sparkling altar of Nemelex Xobeh.
  2708 | D:5      | Entered Level 5 of the Dungeon
  3250 | D:6      | Reached skill level 7 in Staves
  3250 | D:6      | Reached XP level 7. HP: 56/56 MP: 6/6
  3309 | D:6      | Found a staircase to the Ecumenical Temple.
  3371 | D:6      | Reached skill level 8 in Staves
  3402 | D:6      | Noticed Sigmund
  3411 | D:6      | Killed Sigmund
  3514 | D:6      | Noticed Crazy Yiuf
  3520 | D:6      | Killed Crazy Yiuf
  3520 | D:6      | Reached skill level 9 in Staves
  3706 | D:6      | Got a bloodstained mace
  3707 | D:6      | Identified the +6 mace of the Asp {freeze, *Noise rElec Str+3 SInv} (You found it on level 6 of the Dungeon)
  3767 | D:7      | Noticed Joseph
  3847 | D:7      | Noticed a human
  3870 | D:7      | Killed a human
  3870 | D:7      | Reached XP level 8. HP: 45/62 MP: 7/7
  3871 | D:7      | Reached skill level 10 in Staves
  3959 | D:7      | Noticed Duvessa
  3959 | D:7      | Noticed Dowan
  4052 | Temple   | Entered the Ecumenical Temple
  4070 | Temple   | Became a worshipper of Warmaster Okawaru
  4224 | D:7      | Reached skill level 11 in Staves
  4445 | D:7      | HP: 3/62 [killer bee (9)]
  4445 | D:7      | Slain by a killer bee

Vault maps used:
D:1:      dpeg_arrival_three_bigger_balls, corexii_corridor_pit
D:2:      first_bread
D:3:      ecumenical_altar_2, saegor_snake_ambush
D:4:      minitemple, nemelex_dance_club_becter
D:5:      hangedman_decor_growths
D:6:      minmay_temple_entry_from_below_a, minmay_misc_feat_ornament,
          uniq_crazy_yiuf_cottage, uniq_sigmund
D:7:      serial_shops, nicolae_shop_temple_entry_statues_fountains,
          grunt_livestock, hangedman_ru_absence, uniq_joseph, uniq_duvessa
D:8:      minmay_pinched_square
Temple:   triangle_lava_temple_12

Action                   |  1- 3 |  4- 6 |  7- 9 || total
-------------------------+-------+-------+-------++-------
Melee: Lajatang          |       |    78 |    71 ||   149
 Fire: Hand crossbow     |    96 |     7 |     7 ||   110
Evoke: Wand              |       |     5 |       ||     5
  Use: Potion            |       |     2 |     9 ||    11
       Scroll            |       |       |    11 ||    11
 Stab: Sleeping          |       |     4 |       ||     4
  Eat: Bread ration      |     1 |     1 |       ||     2
       Chunk             |       |       |     3 ||     3
